 Dungeon Crawl Stone Soup version 0.26.1-11-gd32895ea62 (webtiles) character file.

Game seed: 16113098054741372660

81 Felido the Ducker (level 4, -1/27 HPs)
             Began as a Deep Elf Monk on June 27, 2021.
             Was a Believer of Sif Muna.
             Slain by a leopard gecko (4 damage)
             ... on level 2 of the Dungeon.
             The game lasted 00:03:33 (828 turns).

Felido the Ducker (Deep Elf Monk)                    Turns: 828, Time: 00:03:34

Health: -1/27      AC:  7    Str:  9    XL:     4   Next: 20%
Magic:  6/6        EV: 14    Int: 15    God:    Sif Muna [**....]
Gold:   94         SH:  0    Dex: 17    Spells: 2/3 levels left

rFire    . . .     SeeInvis .   a - +0 falchion
rCold    . . .     Faith    .   (no shield)
rNeg     . . .     Spirit   .   j - +3 leather armour {Will+}
rPois    .         Reflect  .   f - +0 helmet
rElec    .         Harm     .   (no cloak)
rCorr    .         Rampage  .   (no gloves)
Will     +....                  (no boots)
Stlth    ++........             (no amulet)
HPRegen  0.09/turn              (no ring)
MPRegen  0.10/turn              (no ring)

@: no status effects
A: no striking features
a: Renounce Religion, Channel Magic


You were on level 2 of the Dungeon.
You worshipped Sif Muna.
Sif Muna was pleased with you.
You visited 1 branch of the dungeon, and saw 3 of its levels.

You collected 94 gold pieces.

Inventory:

Hand Weapons
 a - a +0 falchion (weapon)
Armour
 f - a +0 helmet (worn)
 j - a +3 leather armour of willpower (worn)
Scrolls
 e - 3 scrolls of identify {unknown}
 g - a scroll of fog {unknown}
 h - a scroll of random uselessness {unknown}
Potions
 c - a potion of haste {unknown}
 i - a potion of flight {unknown}


   Skills:
 + Level 2.8 Fighting
 + Level 3.7 Long Blades
 + Level 0.3 Armour
 + Level 4.3 Dodging
 + Level 2.6 Stealth


You had 2 spell levels left.
You knew the following spells:

 Your Spells              Type           Power        Failure   Level
a - Sting                 Tmut/Pois      0%           36%         1

Your spell library contained the following spells:

 Spells                   Type           Power        Failure   Level


Dungeon Overview and Level Annotations

Branches:
Dungeon (3/15)

Altars:
Kikubaaqudgha
Sif Muna
Vehumet


Message History

Natasha screams in pain as she dies!
The shadow imp disappears in a puff of smoke!
The crimson imp disappears in a puff of smoke!
The frilled lizard barely misses you. The ooze barely misses you.
You have reached level 4!
You feel clever.
Okay, then.
The ooze hits you but does no damage.
You see here a cursed -1 club.
Found a dagger.
You see here a kite shield.
There is a stone staircase leading down here.
A leopard gecko comes into view.
The frilled lizard bites you but does no damage.
You hit the frilled lizard.
You kill the frilled lizard!
Sif Muna accepts your kill.
The leopard gecko hisses angrily.
The leopard gecko bites you.
You die...

#.>........#
#........#.#
###........#.###
...............#
..........)#.#..#
.........(.#.##.####
...................#
.......###(......## #.
...###..#####..#@## .##
## ##.### #..l.#### ..#
#...## #..#.J..### #.#
###..# #...###...# #.#
##.####..#####.# #.#
#.............########..
######....##...>.J....[.
##.#.###....###..#.
#.#.###...## ##.##


You could see an ooze and a leopard gecko.

Vanquished Creatures
  Natasha (twice) (D:2)
  An adder (D:2)
  A dart slug (D:1)
  An orc (D:3)
  A giant cockroach (D:3)
  A goblin (D:2)
  5 hobgoblins
  A quokka (D:2)
  A bat (D:1)
  A frilled lizard (D:2)
  4 kobolds
  2 rats (D:1)
21 creatures vanquished.

Notes
Turn   | Place    | Note
-------+----------+-------------------------------------------
     0 | D:1      | Felido the Deep Elf Monk began the quest for the Orb.
     0 | D:1      | Reached XP level 1. HP: 13/13 MP: 3/3
   171 | D:1      | Reached XP level 2. HP: 18/18 MP: 4/4
   189 | D:1      | You fall into a shaft and drop 1 floor!
   194 | D:2      | Reached skill level 4 in Dodging
   371 | D:2      | Noticed Natasha
   379 | D:2      | Noticed a crimson imp
   379 | D:2      | Killed Natasha
   380 | D:2      | Reached XP level 3. HP: 8/22 MP: 5/5
   489 | D:2      | Noticed Natasha
   506 | D:2      | You fall into a shaft and drop 1 floor!
   713 | D:3      | Found a radiant altar of Vehumet.
   728 | D:3      | Found an ancient bone altar of Kikubaaqudgha.
   729 | D:3      | Found a shimmering blue altar of Sif Muna.
   734 | D:3      | Identified Sif Muna's Reference Book on Shape Shifting
   753 | D:3      | Became a worshipper of Sif Muna the Loreminder
   753 | D:3      | Reached * piety under Sif Muna
   753 | D:3      | Reached ** piety under Sif Muna
   759 | D:3      | Learned a level 1 spell: Sting
   800 | D:2      | HP: 1/22 [ooze (2)]
   801 | D:2      | Killed Natasha
   802 | D:2      | Reached XP level 4. HP: 1/27 MP: 6/6
   828 | D:2      | Slain by a leopard gecko

Illustrated notes

Levels and vault maps discovered:
D:1:      co_arrival_square_in_a_square_in_a_square, layout_basic,
          dk_noncrumbling_4, amethyst_killhole, kennysheep_nondescript,
          kennysheep_flooded_box, chequers_serial_rivers_marsh
D:2:      layout_rooms, lemuel_round_altar, uniq_natasha
D:3:      layout_rooms, grunt_temple_overflow_magic_moments,
          nzn_hepliaklqana_mist_gate, okawaru_metal_pillars_3

Skill      XL: |  1  2 |
---------------+-------+-----
Dodging        | 4 |  4.3
Long Blades    | 3 |  3.7
Fighting       | |  2.8
Armour         | |  0.3
Stealth        | |  2.6

Action                   |  1- 3 |  4- 6 || total
-------------------------+-------+-------++-------
Melee: Falchion          |    71 |     1 ||    72
Armor: Robe              |     3 |       ||     3
       Leather armour    |    11 |     2 ||    13
Dodge: Dodged            |    73 |       ||    73
       Rpst.: Falchion   |    18 |       ||    18
